 Dungeon Crawl Stone Soup version 0.21.1-1-g345015f (webtiles) character file.

4100 Eggbaby the Blocker (level 10, -7/56 HPs)
             Began as an Octopode Venom Mage on June 17, 2018.
             Was an Elder of Qazlal.
             Mangled by a two-headed ogre
             ... wielding a +0 giant club
              (30 damage)
             ... on level 9 of the Dungeon on June 18, 2018.
             The game lasted 01:30:33 (7947 turns).

Eggbaby the Blocker (Octopode Venom Mage)           Turns: 7947, Time: 01:30:33

Health: -7/56      AC:  1    Str:  6    XL:     10   Next: 26%
Magic:  0/13       EV: 13    Int: 20    God:    Qazlal [****..]
Gold:   528        SH: 16    Dex: 13    Spells: 7/13 levels left

rFire    . . .     SeeInvis .   q - +5 scimitar (holy)
rCold    . . .     Gourm    .   y - +0 shield
rNeg     . . .     Faith    .   (helmet restricted)
rPois    .         Spirit   .   (no amulet)
rElec    .         Reflect  .   g - ring of protection from magic
rCorr    .         Harm     .   (no ring)
MR       +....                  (no ring)
Stlth    ++........             (no ring)
HPRegen  0.18/turn              (no ring)
MPRegen  0.13/turn              (no ring)
                                (no ring)
                                (no ring)

@: very slightly contaminated, repel missiles
A: almost no armour, stealthy swim, amphibious, 8 rings, constrict 8, camouflage
1, clever 1, weak 2, gelatinous body 1
a: Upheaval, Elemental Force, Renounce Religion


You were on level 9 of the Dungeon.
You worshipped Qazlal.
Qazlal was greatly pleased with you.
You were not hungry.

You visited 1 branch of the dungeon, and saw 9 of its levels.
You also visited: Ossuary.

You collected 672 gold pieces.
You spent 144 gold pieces at shops.

Inventory:

Hand Weapons
 n - a +0 shortbow
 o - a +6 vampiric spear
 p - a +0 blowgun
 q - a +5 scimitar of holy wrath (weapon)
 t - a +1 dagger
 D - a +0 trident of protection
Missiles
 m - 110 arrows
 A - 12 poisoned needles
 B - 4 javelins (quivered)
 F - 8 exploding tomahawks
 J - 12 tomahawks
 N - 2 poisoned tomahawks
Armour
 y - a +0 shield (worn)
Magical Staves
 w - an uncursed staff of cold
 I - an uncursed staff of death
Jewellery
 g - a ring of protection from magic (left tentacle)
Wands
 e - a wand of acid (12)
 r - a wand of polymorph (14)
 G - a wand of disintegration (16)
 M - a wand of digging (16)
 O - a wand of paralysis (13)
Scrolls
 c - 8 scrolls of remove curse
 d - 2 scrolls of amnesia
 f - 3 scrolls of teleportation
 i - a scroll of blinking
 k - a scroll of fog
 H - a scroll of random uselessness
 L - a scroll of fear
Potions
 h - 4 potions of curing
 j - a potion of brilliance
 u - 5 potions of flight
 z - a potion of might
Books
 a - a Young Poisoner's Handbook

   Spells                             Type                      Level
   a - Sting                          Conjuration/Poison           1
   b - Poisonous Vapours              Poison/Air                   2
   c - Mephitic Cloud                 Conjuration/Poison/Air       3
   d - Olgreb's Toxic Radiance        Poison                       4
   e - Venom Bolt                     Conjuration/Poison           5
 v - a book of Battle

   Spells                             Type                      Level
   a - Infusion                       Charms                       1
   b - Shroud of Golubria             Charms/Translocation         2
   c - Song of Slaying                Charms                       2
   d - Spectral Weapon                Hexes/Charms                 3
   e - Regeneration                   Charms/Necromancy            3
 x - a book of Dreams

   Spells                             Type                      Level
   a - Ensorcelled Hibernation        Hexes/Ice                    2
   b - Borgnjor's Vile Clutch         Necromancy/Earth             5
   c - Silence                        Hexes/Air                    5
   d - Darkness                       Hexes                        6
   e - Shadow Creatures               Summoning                    6
 K - a book of Changes

   Spells                             Type                      Level
   a - Beastly Appendage              Transmutation                1
   b - Sticks to Snakes               Transmutation                2
   c - Spider Form                    Transmutation/Poison         3
   d - Ice Form                       Ice/Transmutation            4
   e - Blade Hands                    Transmutation                5
Comestibles
 b - 4 rations


   Skills:
 - Level 2.0 Dodging
 - Level 3.0 Stealth
 * Level 12.0 Shields
 - Level 2.0 Spellcasting
   Level 1.0 Conjurations
 - Level 3.0 Charms
 - Level 3.0 Transmutations
 - Level 8.0 Poison Magic
 - Level 0.3 Evocations


You had 7 spell levels left.
You knew the following spells:

 Your Spells              Type           Power        Failure   Level  Hunger
b - Olgreb's Toxic Radia  Pois           ####....     9%          4    #####..
c - Infusion              Chrm           ##..         6%          1    #......
d - Beastly Appendage     Tmut           ##....       7%          1    #......


Dungeon Overview and Level Annotations

Branches:
Dungeon (9/15)             Temple (0/1) D:6
   Lair: D:8-11         Orc: D:9-12

Altars:
Ashenzari
Cheibriados
Elyvilon
Fedhas
Hepliaklqana
Makhleb
Nemelex Xobeh
Qazlal
Ru
Uskayaw
Vehumet
Wu Jian
Yredelemnul
Zin
The Shining One

Shops:
D:4 [


Innate Abilities, Weirdness & Mutations

You cannot wear most types of armour.
You are very stealthy in the water. (Stealth+)
You are amphibious.
You can wear up to eight rings at the same time.
You can use your tentacles to constrict eight enemies at once.
Your skin changes colour to match your surroundings (Stealth+).
Your rubbery body absorbs attacks. (AC +1, EV +1)
Your mind is acute. (Int +2)
You are very weak. (Str -4)


Message History

As you read the scroll of fear, it crumbles to dust.
You assume a fearsome visage.
The two-headed ogre looks frightened!
Casting: Beastly Appendage
Confirm with . or Enter, or press ? or * to list all spells.
You begin to radiate toxic energy.
Your attack snaps the two-headed ogre out of its fear.
The two-headed ogre is poisoned.
The two-headed ogre looks even sicker.
Your toxic aura wanes.
Your tentacle spike disappears.
The two-headed ogre looks more healthy.
The two-headed ogre is engulfed in freezing vapours.
Casting: Olgreb's Toxic Radiance
Confirm with . or Enter, or press ? or * to list all spells.
You miscast Olgreb's Toxic Radiance.
You are very lightly contaminated with residual magic.
Nothing appears to happen.
The two-headed ogre hits you with a giant club!!
Ouch! That really hurt!
You die...

........................#
....................)...#
.......................>#
...........###..........#
.....###...# #..........#
#.... #...###..........#
#.. #.......§........#
.%..(....§.......#
..........@O§.....#
.......§.......#
...........§...#
.......§...§...#
...............#
...............#
...............#
>...........?..#
..............#


You could see a two-headed ogre.

Vanquished Creatures
  Psyche (D:9)
  A hippogriff (D:9)
  3 swamp worms (D:9)
  Menkaure (D:7)
  2 black bears
  2 orc warriors
  3 phantoms
  An ogre (D:4)
  3 centaurs
  Blork the orc (D:4)
  5 bullfrogs
  A gnoll sergeant (D:9)
  3 scorpions
  A howler monkey (D:9)
  3 crimson imps
  A bullfrog zombie (D:5)
  A bullfrog skeleton (D:2)
  4 hounds
  A centaur skeleton (D:6)
  An orc priest (D:4)
  2 jellies
  10 orc wizards
  2 gnoll shamans (D:9)
  4 iguanas
  3 worker ants
  2 big kobold zombies (Ossuary)
  A hound skeleton (D:5)
  8 mummies (Ossuary)
  A worker ant zombie (D:6)
  10 river rats (D:6)
  10 adders
  13 gnolls
  2 shadow imps
  2 oozes (D:3)
  16 worms
  2 leopard geckos (D:4)
  22 orcs
  A ball python (D:2)
  5 bats
  4 giant cockroaches
  2 gnoll zombies (Ossuary)
  10 goblins
  7 hobgoblins
  5 jackals
  7 quokkas
  4 frilled lizards
  2 hobgoblin zombies (Ossuary)
  A jackal skeleton (D:4)
  7 kobolds
  A kobold zombie (Ossuary)
  A leopard gecko skeleton (D:6)
  An orc zombie (Ossuary)
  A quokka zombie (D:5)
  20 rats
  A plant (D:9)
229 creatures vanquished.

Vanquished Creatures (others)
  A plant (D:9)
1 creature vanquished.

Grand Total: 230 creatures vanquished

Notes
Turn   | Place    | Note
-------+----------+-------------------------------------------
     0 | D:1      | Eggbaby the Octopode Venom Mage began the quest for the Orb.
     0 | D:1      | Reached XP level 1. HP: 11/11 MP: 3/3
   152 | D:1      | Reached XP level 2. HP: 16/17 MP: 5/5
   761 | D:2      | Reached XP level 3. HP: 18/21 MP: 2/6
   822 | D:2      | Reached skill level 5 in Poison Magic
   914 | D:2      | Reached XP level 4. HP: 14/27 MP: 7/7
  1022 | D:2      | Learned a level 4 spell: Olgreb's Toxic Radiance
  1819 | D:4      | Noticed an ogre
  1887 | D:4      | Killed an ogre
  1887 | D:4      | Reached XP level 5. HP: 26/31 MP: 1/8
  1955 | D:4      | Found Hubyxiuh's Antique Armour Shoppe.
  1984 | D:4      | Found a basalt altar of Yredelemnul.
  1984 | D:4      | Found a burning altar of Makhleb.
  1984 | D:4      | Found a stormy altar of Qazlal.
  1984 | D:4      | Found a radiant altar of Vehumet.
  1990 | D:4      | Found a snail-covered altar of Cheibriados.
  1990 | D:4      | Found a hide-covered altar of Uskayaw.
  1996 | D:4      | Became a worshipper of Qazlal Stormbringer
  2041 | D:4      | Reached XP level 6. HP: 3/36 MP: 0/9
  2139 | D:4      | Found a sand-covered staircase.
  2248 | Ossuary  | Entered an ossuary
  2565 | Ossuary  | Learned a level 1 spell: Infusion
  2612 | Ossuary  | Reached skill level 1 in Charms
  3288 | D:4      | Bought a shield for 144 gold pieces
  3494 | D:4      | Reached skill level 1 in Shields
  3494 | D:4      | Reached XP level 7. HP: 27/41 MP: 1/10
  3689 | D:4      | Reached skill level 2 in Shields
  3959 | D:4      | Noticed Blork the orc
  3976 | D:4      | Killed Blork the orc
  3976 | D:4      | Reached skill level 3 in Shields
  4408 | D:5      | Entered Level 5 of the Dungeon
  4508 | D:5      | Reached skill level 4 in Shields
  4981 | D:6      | Reached * piety under Qazlal
  4981 | D:6      | Reached skill level 5 in Shields
  4981 | D:6      | Reached XP level 8. HP: 33/46 MP: 3/11
  5223 | D:6      | Reached skill level 6 in Shields
  5562 | D:6      | Reached skill level 7 in Shields
  5667 | D:6      | Reached ** piety under Qazlal
  5865 | D:6      | Found a shattered altar of Ashenzari.
  5868 | D:6      | Found a white marble altar of Elyvilon.
  5868 | D:6      | Found an ornate altar of the Wu Jian Council.
  5868 | D:6      | Found a sparkling altar of Nemelex Xobeh.
  5868 | D:6      | Found a blossoming altar of Fedhas.
  5868 | D:6      | Found a stormy altar of Qazlal.
  5868 | D:6      | Found a hazy altar of Hepliaklqana.
  5868 | D:6      | Found a blossoming altar of Fedhas.
  5868 | D:6      | Found a basalt altar of Yredelemnul.
  5868 | D:6      | Found a glowing golden altar of the Shining One.
  5869 | D:6      | Found a sacrificial altar of Ru.
  5869 | D:6      | Found a glowing silver altar of Zin.
  5872 | D:6      | Found a staircase to the Ecumenical Temple.
  5959 | D:6      | Reached skill level 8 in Shields
  6394 | D:7      | Noticed Menkaure
  6401 | D:7      | Killed Menkaure
  6403 | D:7      | Reached XP level 9. HP: 42/51 MP: 5/12
  6422 | D:7      | Reached skill level 9 in Shields
  6463 | D:7      | Learned a level 1 spell: Beastly Appendage
  6628 | D:7      | Reached skill level 1 in Transmutations
  6952 | D:8      | Reached *** piety under Qazlal
  6952 | D:8      | Reached skill level 10 in Shields
  7496 | D:9      | Noticed Psyche
  7502 | D:9      | Killed Psyche
  7521 | D:9      | Reached skill level 11 in Shields
  7548 | D:9      | Reached XP level 10. HP: 29/56 MP: 2/13
  7557 | D:9      | Found a burning altar of Makhleb.
  7680 | D:9      | Reached **** piety under Qazlal
  7828 | D:9      | Gained mutation: You are weak. (Str -2) [potion of mutation]
  7828 | D:9      | Gained mutation: You are very weak. (Str -4) [potion of mutation]
  7828 | D:9      | Gained mutation: Your mind is acute. (Int +2) [potion of mutation]
  7874 | D:9      | Reached skill level 12 in Shields
  7877 | D:9      | Noticed a two-headed ogre
  7947 | D:9      | Mangled by a two-headed ogre

Skill      XL: |  1  2  3  4  5  6  7  8  9 10 |
---------------+-------------------------------+-----
Stealth        | 3 |  3.0
Poison Magic   | 4 5 7 8 |  8.0
Charms         | 3 |  3.0
Shields        | 1 5 8 11 12 | 12.0
Transmutations | 3 |  3.0
Dodging        | |  2.0
Spellcasting   | |  2.0
Conjurations   | |  1.0
Evocations     | |  0.3

Action                   |  1- 3 |  4- 6 |  7- 9 | 10-12 || total
-------------------------+-------+-------+-------+-------++-------
Melee: Unarmed           |    60 |    49 |       |       ||   109
       Constrict         |    16 |    30 |    37 |     5 ||    88
       Tentacles         |     8 |    24 |    30 |     7 ||    69
       Dagger            |       |   127 |    19 |       ||   146
       Scimitar          |       |       |   141 |    30 ||   171
       Kick              |       |       |     8 |       ||     8
 Fire: Blowgun           |       |     8 |     9 |       ||    17
Throw: Javelin           |       |       |     6 |       ||     6
 Cast: Sting             |    29 |    17 |     1 |       ||    47
       Olgreb's Toxic Ra |       |     9 |    46 |     9 ||    64
       Infusion          |       |    10 |    12 |     2 ||    24
       Beastly Appendage |       |       |     4 |     2 ||     6
Evoke: Wand              |     2 |       |     1 |     4 ||     7
  Use: Scroll            |     4 |    10 |     7 |     5 ||    26
       Potion            |       |     5 |    14 |     5 ||    24
 Stab: Sleeping          |     3 |     5 |     5 |       ||    13
  Eat: Chunk             |       |     4 |       |       ||     4
       Ration            |       |     2 |     8 |     1 ||    11
Armor: Skin              |     9 |    37 |     5 |     1 ||    52
Dodge: Dodged            |    47 |    84 |    76 |     3 ||   210
Block: Shield            |       |       |   117 |    27 ||   144
       Rpst.: Scimitar   |       |       |    17 |       ||    17
